 Dungeon Crawl Stone Soup version 0.21.1-1-g345015f (webtiles) character file.

33845 xccam the Tortoise (level 13, -5/94 HPs)
             Began as a Minotaur Fighter on Feb 10, 2018.
             Was an Elder of Hepliaklqana.
             Killed from afar by an ancient lich (71 damage)
             ... with a crystal spear
             ... on level 1 of the Abyss on Feb 11, 2018.
             The game lasted 00:47:50 (13440 turns).

xccam the Tortoise (Minotaur Fighter)              Turns: 13440, Time: 00:47:50

Health: -5/94      AC: 28    Str: 25    XL:     13   Next: 39%
Magic:  12/12      EV: 11    Int:  6    God:    Hepliaklqana [****..]
Gold:   833        SH: 14    Dex: 13    Spells: 12/12 levels left

rFire    + . .     SeeInvis .   t - +3 whip (vamp)
rCold    + . .     Gourm    .   c - +0 shield
rNeg     . . .     Faith    +   R - +4 plate armour {rC+}
rPois    +         Spirit   .   (helmet restricted)
rElec    +         Reflect  .   A - +1 cloak
rCorr    +         Harm     .   n - +2 pair of gloves
MR       .....                  Q - +2 pair of boots of Past Mistakes {rElec rCorr}
Stlth    ..........             e - amulet of faith
HPRegen  0.25/turn              x - ring of Aqoinoff {+Inv EV+3 Int+3 Dex+2}
MPRegen  0.13/turn              m - ring of poison resistance

@: corroded
A: retaliatory headbutt, reduced essence, horns 2, dopey 1, fire resistance 1,
shaggy fur 1
a: Recall Ancestor, Ancestor Identity, Transference, Idealise, Renounce
Religion, Evoke Invisibility


You were on level 1 of the Abyss.
You worshipped Hepliaklqana.
Hepliaklqana was greatly pleased with you.
You were not hungry.

You visited 2 branches of the dungeon, and saw 17 of its levels.
You visited the Abyss 1 time.
You also visited: Labyrinth.

You collected 833 gold pieces.

Inventory:

Hand Weapons
 t - a +3 vampiric whip (weapon)
 C - a +1 flail of draining
 D - the +4 long sword of War {slice, MR+}
   (You found it in a labyrinth)

   It inflicts extra damage upon your enemies.
   It affects your resistance to hostile enchantments.
Armour
 c - a +0 shield (worn)
 n - a +2 pair of gloves (worn)
 A - a +1 cloak (worn)
 Q - the +2 pair of boots of Past Mistakes (worn) {rElec rCorr}
   (You found it in a labyrinth)

   It insulates you from electricity.
   It protects you from acid and corrosion.
 R - a +4 plate armour of cold resistance (worn)
Jewellery
 a - an uncursed ring of ice
 e - an amulet of faith (around neck)
 i - an uncursed ring of protection from magic
 m - a ring of poison resistance (right hand)
 o - an uncursed ring of protection from cold
 x - the ring of Aqoinoff (left hand) {+Inv EV+3 Int+3 Dex+2}
   (You took it off a crimson imp on level 7 of the Dungeon)

   [ring of evasion]

   It affects your evasion (+3).
   It affects your intelligence (+3).
   It affects your dexterity (+2).
   It lets you turn invisible.
 J - an uncursed ring of flight
 N - the ring of Gyub {*Contam +Inv rF+ rC+}
   (You took it off a minotaur in a labyrinth)

   [ring of protection from fire]

   It protects you from fire.
   It protects you from cold.
   It lets you turn invisible.
   It causes magical contamination when unequipped.
 O - a +2 ring of evasion
 S - an uncursed ring of stealth {unknown}
Wands
 v - a wand of acid (8)
 w - a wand of random effects (27)
 F - a wand of disintegration (26)
 H - a wand of flame (70)
Scrolls
 b - 2 scrolls of enchant weapon
 g - 2 scrolls of immolation
 p - 6 scrolls of identify
 r - 2 scrolls of magic mapping
 s - 8 scrolls of remove curse
 u - 4 scrolls of teleportation
 z - 3 scrolls of fear
 G - 3 scrolls of enchant armour
 P - a scroll of fog
Potions
 d - 2 potions of might
 h - 3 potions of flight
 j - 7 potions of curing
 k - a potion of magic
 l - a potion of agility
 B - 2 potions of haste
 I - a potion of brilliance
 L - 3 potions of invisibility
 M - 2 potions of ambrosia
Books
 q - a book of Flames

   Spells                             Type                      Level
   a - Flame Tongue                   Conjuration/Fire             1
   b - Throw Flame                    Conjuration/Fire             2
   c - Conjure Flame                  Conjuration/Fire             3
   d - Inner Flame                    Hexes/Fire                   3
   e - Sticky Flame                   Conjuration/Fire             4
   f - Fireball                       Conjuration/Fire             5
 y - a book of Necromancy

   Spells                             Type                      Level
   a - Pain                           Necromancy                   1
   b - Animate Skeleton               Necromancy                   1
   c - Vampiric Draining              Necromancy                   3
   d - Regeneration                   Charms/Necromancy            3
   e - Animate Dead                   Necromancy                   4
   f - Borgnjor's Vile Clutch         Necromancy/Earth             5
 E - a book of Cantrips

   Spells                             Type                      Level
   a - Confusing Touch                Hexes                        1
   b - Animate Skeleton               Necromancy                   1
   c - Summon Small Mammal            Summoning                    1
   d - Apportation                    Translocation                1
 K - a book of Fire

   Spells                             Type                      Level
   a - Ignite Poison                  Fire/Transmutation/Poison    3
   b - Fireball                       Conjuration/Fire             5
   c - Bolt of Fire                   Conjuration/Fire             6
   d - Ring of Flames                 Charms/Fire                  7
   e - Ignition                       Fire                         8
Comestibles
 f - 30 rations
 T - 4 chunks of flesh


   Skills:
 * Level 7.0 Fighting
 + Level 15.2 Maces & Flails
 + Level 15.4 Armour
 - Level 15.0 Shields


You had 12 spell levels left.
You didn't know any spells.

Dungeon Overview and Level Annotations

Branches:
Dungeon (13/15)              Lair (4/6) D:9           Snake (0/4) Lair:3
 Temple: D:4-7        Swamp: Lair:2-4    Shoals: Lair:2-4       Orc: D:9-12
 Vaults: D:13-14

Altars:
Elyvilon
Hepliaklqana
Xom

Shops:
D:9 *

Annotations:
D:12 Kirke
Lair:3 exclusion: 4 oklob plants
Lair:4 Sonja


Innate Abilities, Weirdness & Mutations

You reflexively headbutt those who attack you in melee.
You have a pair of horns on your head.
Your life essence is reduced to manifest your ancestor. (-10% HP)
You are dopey. (Int -2)
Your flesh is heat resistant. (rF+)
You are covered in fur. (AC +1)


Message History

You hit the ancient lich. Your headbutt misses the ancient lich.
The ancient lich is moderately damaged.
You block the ancient lich's attack. Ælfric hits the ancient lich with a flail.
You barely miss the ancient lich.
The ancient lich is moderately damaged.
The ancient lich touches you but does no damage.
You hit the ancient lich but do no damage.
The ancient lich is moderately damaged.
You hit the ancient lich but do no damage.
Your headbutt misses the ancient lich.
The ancient lich is moderately damaged.
You block the ancient lich's attack. Ælfric hits the ancient lich but does no damage.
You closely miss the ancient lich.
The ancient lich is moderately damaged.
The ancient lich points at you and mumbles some strange words.
The crystal spear hits you!
Ouch! That really hurt!
You die...

# # ## . . .#
# ## .### #
###.### ..
.####.
#.#.@.### ..#
# # # #
#..#RL.)# ....
...#
#..#.#..## ..#
.#..#####.#.##
.# ##.. . .
...###
..##...#..
.#..# ##.##..#
......#..# . #
# ..#..#. .
... #...#. ..
. #.. ...


You could see the friendly Ælfric the knight and an ancient lich.

Vanquished Creatures
  A minotaur (Lab)
  A rakshasa (D:13)
  A hydra (Lair:3)
  4 two-headed ogres
  A centaur warrior (D:13)
  A glowing orange brain (Abyss:1)
  Joseph (D:7)
  2 spiny frogs (Lair:2)
  2 komodo dragons
  2 hornets
  A polar bear (Lair:2)
  Prince Ribbit (D:7)
  A queen bee (Lair:3)
  6 raiju (Abyss:1)
  4 blink frogs
  6 hippogriffs
  Sigmund (D:3)
  A small abomination (Abyss:1)
  54 yaks
  3 wyverns
  Eustachio (D:5)
  A hungry ghost (D:8)
  4 basilisks
  2 steam dragons
  6 vampire mosquitoes
  2 nagas (Lair:3)
  3 wargs (D:9)
  A hell hound (Abyss:1)
  2 soldier ants (D:9)
  Edmund (D:5)
  4 porcupines
  7 water moccasins
  2 ice beasts
  4 orc warriors
  A black bear (Lair:3)
  5 ogres
  5 sky beasts
  A phantom (D:4)
  4 wolves (Lair:3)
  6 centaurs
  7 crocodiles
  A tengu (shapeshifter) (D:13)
  12 bullfrogs
  A wyvern skeleton (D:9)
  2 scorpions
  28 killer bees
  5 wights (D:12)
  A howler monkey (D:5)
  3 electric eels (D:7)
  4 crimson imps
  A quasit (D:9)
  2 bullfrog zombies
  6 orc priests
  4 hounds
  A jelly (D:6)
  9 orc wizards
  2 gnoll shamans
  8 hell rats
  5 iguanas
  Natasha (twice) (D:3)
  3 worker ants
  A hound zombie (D:7)
  A worker ant zombie (D:7)
  11 gnolls
  13 adders
  A river rat (Lair:3)
  4 shadow imps
  An adder zombie (D:5)
  An adder skeleton (D:5)
  A worm (D:9)
  5 leopard geckos
  50 orcs
  3 ball pythons
  A giant cockroach (D:6)
  7 goblins
  5 hobgoblins
  18 jackals
  8 kobolds
  6 quokkas
  9 bats
  5 frilled lizards
  5 rats
419 creatures vanquished.

Vanquished Creatures (collateral kills)
  A hydra (Lair:3)
  A spiny frog (Lair:2)
  A komodo dragon (Lair:1)
  2 blink frogs (Lair:4)
  A raiju (Abyss:1)
  3 yaks (Lair:1)
  A steam dragon (Lair:3)
  A small abomination (Abyss:1)
  2 water moccasins
  A bullfrog (Lair:3)
  8 killer bees (Lair:3)
22 creatures vanquished.

Vanquished Creatures (others)
  A knight (Lair:3)
  An ancestor (Lab)
  An orc wizard (D:9)
  A fungus (Lair:3)
4 creatures vanquished.

Grand Total: 445 creatures vanquished

Notes
Turn   | Place    | Note
-------+----------+-------------------------------------------
     0 | D:1      | xccam the Minotaur Fighter began the quest for the Orb.
     0 | D:1      | Reached XP level 1. HP: 19/19 MP: 0/0
   196 | D:1      | Reached XP level 2. HP: 20/26 MP: 1/1
   777 | D:2      | Reached XP level 3. HP: 31/31 MP: 2/2
   843 | D:2      | Found a white marble altar of Elyvilon.
   958 | D:2      | Reached XP level 4. HP: 37/39 MP: 3/3
  1289 | D:3      | Noticed an ice beast
  1299 | D:3      | Killed an ice beast
  1299 | D:3      | Reached skill level 5 in Armour
  1299 | D:3      | Reached skill level 5 in Shields
  1299 | D:3      | Reached XP level 5. HP: 31/45 MP: 4/4
  1316 | D:3      | Noticed Sigmund
  1503 | D:3      | Killed Sigmund
  1503 | D:3      | Reached skill level 5 in Maces & Flails
  1503 | D:3      | Reached XP level 6. HP: 33/51 MP: 5/5
  1609 | D:3      | Noticed Natasha
  1613 | D:3      | Killed Natasha
  1845 | D:3      | Noticed Natasha
  1851 | D:3      | Killed Natasha
  2038 | D:4      | Reached XP level 7. HP: 42/57 MP: 6/6
  2186 | D:4      | Found a hazy altar of Hepliaklqana.
  2961 | D:5      | Entered Level 5 of the Dungeon
  3083 | D:5      | Noticed Edmund
  3087 | D:5      | Noticed Eustachio
  3097 | D:5      | Killed Edmund
  3098 | D:5      | Reached XP level 8. HP: 55/64 MP: 7/7
  3110 | D:5      | Killed Eustachio
  4086 | D:7      | Noticed Joseph
  4315 | D:7      | Killed Joseph
  4315 | D:7      | Reached XP level 9. HP: 10/70 MP: 8/8
  4937 | D:7      | Noticed Prince Ribbit
  4953 | D:7      | Killed Prince Ribbit
  5237 | D:7      | Got a transparent jade ring
  5239 | D:7      | Identified the ring of Aqoinoff {+Inv EV+3 Int+3 Dex+2} (You took it off a crimson imp on level 7 of the Dungeon)
  5948 | D:8      | Reached skill level 10 in Armour
  5948 | D:8      | Reached skill level 10 in Shields
  6134 | D:8      | Reached skill level 10 in Maces & Flails
  6159 | D:8      | Reached XP level 10. HP: 77/77 MP: 9/9
  6357 | D:8      | Paralysed by a hornet for 3 turns
  6891 | D:9      | Noticed a two-headed ogre
  6900 | D:9      | Killed a two-headed ogre
  7034 | D:9      | Reached XP level 11. HP: 59/82 MP: 10/10
  7147 | D:9      | Found a staircase to the Lair.
  7483 | D:9      | Found Tasisk's Serpentskin Sales.
  7656 | D:10     | Entered Level 10 of the Dungeon
  7668 | D:10     | Noticed a two-headed ogre
  7689 | D:10     | Killed a two-headed ogre
  8168 | D:10     | Noticed a two-headed ogre
  8184 | D:10     | Killed a two-headed ogre
  8418 | D:11     | Gained mutation: You are covered in fur. (AC +1) [potion of mutation]
  8418 | D:11     | Gained mutation: Your flesh is heat resistant. (rF+) [potion of mutation]
  8462 | D:11     | Found a shimmering altar of Xom.
  8464 | D:11     | Found a shimmering altar of Xom.
  8465 | D:11     | Found a shimmering altar of Xom.
  8466 | D:11     | Found a shimmering altar of Xom.
  8467 | D:11     | Found a shimmering altar of Xom.
  8521 | D:11     | You fall through a shaft!
  8521 | D:12     | Noticed Kirke
  8521 | D:12     | Noticed a two-headed ogre
  8529 | D:12     | Noticed a red ugly thing
  8535 | D:13     | Noticed a centaur warrior
  8548 | D:13     | Killed a centaur warrior
  8619 | D:13     | Noticed a two-headed ogre
  8636 | D:13     | Killed a two-headed ogre
  8636 | D:13     | Reached XP level 12. HP: 88/90 MP: 11/11
  8680 | D:13     | Noticed a rakshasa
  8790 | D:13     | Killed a rakshasa
  9543 | D:4      | Became a worshipper of Hepliaklqana the Forgotten
  9667 | Lair:1   | Entered Level 1 of the Lair of Beasts
 10124 | Lair:1   | Found a labyrinth entrance.
 10133 | Lab      | Entered a labyrinth
 10464 | Lab      | Noticed a minotaur
 10478 | Lab      | Killed a minotaur
 10480 | Lab      | Got a transparent steel ring
 10489 | Lab      | Got a pair of twisted boots
 10490 | Lab      | Identified the +2 pair of boots of Past Mistakes {rElec rCorr} (You found it in a labyrinth)
 10497 | Lab      | Identified the ring of Gyub {*Contam +Inv rF+ rC+} (You took it off a minotaur in a labyrinth)
 10498 | Lab      | Got a warped long sword
 10499 | Lab      | Identified the +4 long sword of War {slice, MR+} (You found it in a labyrinth)
 10563 | Lair:1   | Reached * piety under Hepliaklqana
 11324 | Lair:2   | Reached ** piety under Hepliaklqana
 11325 | Lair:2   | Remembered your ancestor Ælfric as a knight
 11571 | Lair:2   | Gained mutation: You are dopey. (Int -2) [mutagenic glow]
 11986 | Lair:3   | Noticed a seven-headed hydra
 11999 | Lair:3   | Killed a seven-headed hydra
 12006 | Lair:3   | Noticed a five-headed hydra
 12015 | Lair:3   | Killed a five-headed hydra
 12110 | Lair:3   | Found a staircase to the Snake Pit.
 12187 | Lair:3   | Reached *** piety under Hepliaklqana
 12235 | Lair:3   | Reached skill level 15 in Armour
 12255 | Lair:3   | Reached skill level 15 in Shields
 12255 | Lair:3   | Reached XP level 13. HP: 81/85 MP: 12/12
 12461 | Lair:3   | Reached skill level 5 in Fighting
 12486 | Lair:3   | Reached skill level 15 in Maces & Flails
 13205 | Lair:4   | Noticed Sonja
 13212 | Lair:4   | Cast into level 1 of the Abyss (Sonja)
 13263 | Abyss:1  | Reached **** piety under Hepliaklqana
 13424 | Abyss:1  | Noticed an ancient lich
 13440 | Abyss:1  | Killed from afar by an ancient lich

Skill      XL: |  1  2  3  4  5  6  7  8  9 10 11 12 13 |
---------------+----------------------------------------+-----
Armour         | 4 5 6 7 9 10 12 13 15 | 15.4
Shields        | 4 5 6 7 8 10 12 13 15 | 15.0
Maces & Flails | 3 4 5 6 8 10 11 13 14 15 | 15.2
Fighting       | 7 |  7.0

Action                   |  1- 3 |  4- 6 |  7- 9 | 10-12 | 13-15 || total
-------------------------+-------+-------+-------+-------+-------++-------
Melee: Flail             |    99 |   130 |    31 |       |       ||   260
       Headbutt          |    20 |    15 |    80 |   384 |    83 ||   582
       Whip              |       |       |   365 |  1342 |   423 ||  2130
Invok: Recall Ancestor   |       |       |       |     1 |     1 ||     2
       Ancestor Life: Kn |       |       |       |     1 |       ||     1
 Abil: Evoke Flight      |       |       |       |     1 |       ||     1
Evoke: Wand              |       |       |       |     6 |       ||     6
  Use: Scroll            |     6 |     3 |     4 |    12 |       ||    25
       Potion            |     5 |       |     3 |     6 |     1 ||    15
 Stab: Distracted        |       |       |       |     2 |     2 ||     4
  Eat: Chunk             |       |     4 |     5 |    12 |     1 ||    22
       Ration            |       |       |     4 |     3 |     1 ||     8
Armor: Scale mail        |    39 |    59 |    33 |       |       ||   131
       Ring mail         |       |       |    46 |       |       ||    46
       Skin              |       |       |     4 |       |       ||     4
       Plate armour      |       |       |    20 |   304 |   111 ||   435
Dodge: Dodged            |    39 |    35 |    90 |   256 |    82 ||   502
Block: Shield            |    59 |    72 |   167 |   531 |   211 ||  1040
